Map: Baie de réparation EC

Players

Andcol - Winner!

  • Race: Protoss Protoss
  • League: Platinum
  • Spawn Location: 1:00

zidar

  • Race: Zerg Zerg
  • League: Gold
  • Spawn Location: 7:00

VOD

Have the link to the VOD?

Description

Time

  • Played on: Aug. 31, 2017, 2:32 p.m.
  • Length: 13:20
Show
View Real Time Build Order
Export as new Build Order

Andcol Protoss - Winner!

Build Orders: Chargelot Immortal 

Get SALT Encoding   

  12  0:02  Probe (Chrono Boost)  
  13  0:13  Probe (Chrono Boost)  
  14  0:23  Probe (Chrono Boost), Pylon  
  15  0:41  Probe (Chrono Boost)  
  16  0:45  Gateway  
  16  0:52  Probe (Chrono Boost)  
  17  1:01  Assimilator  
  17  1:02  Probe (Chrono Boost)  
  18  1:13  Probe (Chrono Boost)  
  19  1:23  Probe (Chrono Boost)  
  20  1:32  Pylon  
  20  1:34  Probe (Chrono Boost)  
  21  1:40  Cybernetics Core  
  21  1:46  Zealot (Chrono Boost)  
  23  2:09  Gateway  
  23  2:14  Assimilator  
  23  2:18  Warp Gate (Chrono Boost)  
  23  2:22  Mothership Core (Chrono Boost)  
  25  2:32  Pylon  
  25  2:40  Zealot  
  27  2:50  Nexus  
  27  2:55  Probe  
  28  3:02  Twilight Council  
  28  3:10  Gateway  
  28  3:15  Zealot x2  
  32  3:25  Probe  
  33  3:28  Charge (Chrono Boost)  
  33  3:38  Probe  
  33  3:41  Pylon  
  34  4:02  Probe  
  34  4:03  Probe  
  34  4:09  Assimilator  
  36  4:12  Probe  
  36  4:15  Probe  
  36  4:16  Robotics Facility  
  38  4:23  Probe  
  38  4:27  Probe  
  38  4:28  Forge  
  40  4:33  Probe  
  39  4:58  Pylon  
  39  5:06  Probe  
  40  5:13  Assimilator  
  40  5:16  Pylon  
  40  5:17  Probe  
  40  5:21  Probe  
  42  5:27  Probe  
  40  5:50  Stalker  
  40  5:51  Probe, Stalker x2  
  40  5:53  Probe  
  48  6:02  Probe  
  49  6:05  Probe  
  49  6:06  Observer (Chrono Boost)  
  51  6:13  Probe  
  52  6:21  Stalker x2  
  52  6:22  Stalker  
  53  6:47  Pylon  
  53  6:52  Robotics Facility  
  53  7:07  Photon Cannon  
  53  7:08  Photon Cannon  
  53  7:11  Photon Cannon  
  53  7:13  Probe  
  53  7:14  Probe  
  55  7:22  Protoss Ground Weapons Level 1 (Chrono Boost)  
  55  7:24  Probe  
  55  7:27  Probe  
  55  7:28  Zealot  
  55  7:29  Zealot x2  
  63  7:34  Probe  
  64  7:41  Immortal  
  68  7:51  Probe  
  68  7:53  Probe  
  68  7:57  Zealot x2  
  68  7:58  Zealot  
  76  8:05  Probe  
  71  8:28  Pylon  
  71  8:30  Pylon  
  65  8:34  Pylon  
  61  8:47  Immortal x2 (Chrono Boost)  
  69  8:54  Stalker x2  
  65  9:13  Probe x2  
  67  9:19  Zealot  
  67  9:20  Zealot x2  
  77  9:24  Immortal (Chrono Boost)  
  77  9:25  Gateway, Probe x2  
  77  9:27  Gateway  
  57  10:01  Zealot  
  57  10:02  Zealot x2  
  57  10:24  Zealot x3  
  57  10:27  Probe x2  
  65  10:33  Gateway  
  65  10:35  Gateway  
  65  10:37  Gateway  
  65  10:39  Probe, Gateway  
  65  10:42  Zealot x2  
  70  10:45  Zealot  
  70  10:46  Zealot x2  
  76  10:57  Nexus  
  76  10:59  Pylon  
  76  11:01  Protoss Ground Weapons Level 2 (Chrono Boost)  
  75  11:12  Zealot x3  
  75  11:13  Zealot  
  75  11:14  Sentry  
  85  11:19  Pylon x2  
  85  11:21  Pylon  
  74  11:38  Zealot x4  
  74  11:39  Zealot  
  74  11:41  Immortal (Chrono Boost)  
  74  11:43  Immortal (Chrono Boost)  
  82  11:49  Probe  
  82  11:50  Probe  
  82  11:51  Robotics Bay  
  82  12:01  Probe, Zealot x4  
  91  12:13  Probe  
  91  12:14  Probe x2  
  94  12:23  Probe  
  94  12:25  Zealot  
  94  12:26  Probe x2, Zealot x2  
  94  12:27  Sentry  
  94  12:28  Sentry  
  107  12:34  Zealot  
  103  12:57  Zealot  
  103  12:58  Zealot x5  
  111  12:59  Zealot  
Show
View Real Time Build Order
Export as new Build Order

zidar Zerg 

Build Orders: Pool First 

Get SALT Encoding   

  12  0:02  Drone  
  13  0:12  Overlord  
  13  0:17  Drone  
  14  0:30  Drone x2  
  14  0:34  Drone  
  17  0:49  Spawning Pool, Drone  
  17  1:13  Hatchery  
  17  1:17  Drone  
  17  1:27  Extractor  
  17  1:28  Drone  
  17  1:38  Queen  
  19  1:41  Zergling x4  
  19  1:42  Zergling x2  
  22  1:57  Evolution Chamber  
  21  2:24  Queen  
  21  2:26  Overlord  
  23  2:43  Overlord, Metabolic Boost  
  24  2:51  Zergling x4  
  24  2:52  Zergling x4  
  26  3:32  Zergling x2  
  26  3:33  Zergling x6  
  30  3:36  Drone x2  
  29  4:12  Roach Warren, Extractor  
  29  4:13  Drone x9  
  29  4:14  Drone  
  37  5:02  Roach x3  
  38  5:59  Roach x2  
  38  6:01  Overlord  
  38  6:02  Overlord x2  
  36  6:47  Roach  
  36  6:48  Roach x11  
  60  7:03  Drone x4  
  64  7:09  Ravager  
  64  7:10  Ravager  
  64  7:11  Ravager  
  64  7:14  Overlord x2  
  67  7:36  Roach  
  79  7:37  Roach x7  
  58  8:46  Roach x9  
  72  9:02  Ravager  
  65  9:08  Zergling x24  
  75  9:15  Ravager  
  76  9:18  Overlord x4  
  76  9:28  Zerg Melee Weapons Level 1  
  76  9:32  Overlord x2  
  59  10:05  Zergling x2  
  59  10:06  Zergling x18  
  43  10:30  Roach x9  
  61  10:38  Lair  
  61  10:45  Hatchery  
  60  10:53  Ravager x4  
  64  10:58  Zergling x2  
  64  10:59  Zergling x18  
  73  11:14  Zergling x2  
  73  11:15  Zergling x2  
  62  11:39  Zergling x14  
  65  11:53  Hydralisk Den  
  64  12:09  Queen  
  64  12:14  Zergling x2  
  64  12:15  Zergling x16  
  72  12:37  Hydralisk x8  
Tags
 
Add a new tag
Caveats
  • Supply blocks, unpowered buildings, or Contaminate may cause inaccurate times.
  • Supply counts are checked every 10 seconds.